[Event "Early-Titled-Tuesday-Blitz-October-03-2023"]
[Site "Chess.com"]
[Date "2023.10.03"]
[Round "5"]
[White "Elsa167"]
[Black "UNSTOPPABLE_LEGEND"]
[Result "1-0"]
[WhiteElo "2899"]
[BlackElo "2448"]
[TimeControl "180+1"]
[EndTime "8:57:04 PDT"]
[Termination "Elsa167 won by resignation"]

1. d4 Nf6 2. c4 e6 3. g3 d5 4. Bg2 dxc4 5. Nf3 c5 6. O-O Nc6 7. Qa4 Bd7 8. Qxc4 b5 9. Qc2 cxd4 10.
Rd1 Rc8 11. Qd2 Bc5 12. Qg5 Ne4 13. Qxg7 Qf6 14. Qxf6 Nxf6 15. Nbd2 Bb6 16. Nb3 e5 17.
Bg5 Ne4 18. Bh4 f5 19. Nxe5 Nxe5 20. Bxe4 fxe4 21. Bf6 Ng6 22. Bxh8 Nxh8 23. Nxd4 Ng6 24. e3 Ne5 25. Rac1 Rxc1 26. Rxc1 Bxd4 27. exd4 Nf3+ 28.
Kg2 Nxd4 29. Rc5 Ke7 30. h3 Kd6 31. Rg5 Bc6 32. Kf1 Bd5 33. Rg7 a5 34. a3 e3 35.
fxe3 Nf5 36. Rxh7 Nxe3+ 37. Ke1 Nc4 38. h4 Nxb2 39. h5 b4 40. axb4 axb4 41. h6 b3 42. Rh8 Nd3+ 43. Kd2 Ne5 44. h7 Nf7 45. Rf8 b2 46. Kc2 Be4+ 47. Kxb2 Bxh7 48. Rxf7 Be4 49. Rf4 Ke5 50. Kc3 Bf5 51. Kd2 Be4 52. Ke3 Bd5 53. g4 Be6 54. g5 Bf5 55. Rf2 Bg6 56. Rf6 Bf5 57. Kf3 Be6 58. Kg3 Kd6 59. g6 Ke7 60. Rf4 Ba2 61. Kh4 Bb1 62. Kg5 Ke6 63. g7 Bh7 64.
Kh6 Bg8 65. Rf8 1-0

[Event "Early-Titled-Tuesday-Blitz-October-03-2023"]
[Site "Chess.com"]
[Date "2023.10.03"]
[Round "5"]
[White "Fantastic_Power"]
[Black "Fandorine"]
[Result "1/2-1/2"]
[WhiteElo "2782"]
[BlackElo "2930"]
[TimeControl "180+1"]
[EndTime "8:57:06 PDT"]
[Termination "Game drawn by repetition"]

1. e4 e6 2. d4 d5 3. Nc3 Nf6 4. Bg5 Be7 5. e5 Nfd7 6. Bxe7 Qxe7 7. f4 a6 8. Nf3 c5 9. dxc5 Nc6 10. Bd3 Nxc5 11.
O-O b5 12. Ne2 Qa7 13. Kh1 Bd7 14. Ned4 Nxd4 15. Nxd4 b4 16. f5 Nxd3 17. Qxd3 exf5 18. Nxf5 Bxf5 19. Qxf5 Qe7 20. e6 fxe6 21. Qe5 Rf8 22. Qh5+ g6 23. Qe5 Kd7 24. a3 Rxf1+ 25. Rxf1 Rf8 26.
Re1 bxa3 27. bxa3 Qf6 28. Qe2 e5 29. h3 e4 30. c4 Qf2 31. Qd1 Rf5 32. cxd5 Qc5 33.
Qa4+ Kc7 34. Qxe4 Rxd5 35. Qf4+ Qd6 36. Qf7+ Kb6 37. Qxh7 Rd1 38. Qh4 Rxe1+ 39. Qxe1 Qxa3 40. Qb1+ Kc5 41. Qxg6 Qc1+ 42. Kh2 Qf4+ 43. Kg1 a5 44.
Qe8 Kb4 45. Qe7+ Kb3 46. h4 Qd4+ 47. Kh2 a4 48. h5 a3 49. h6 Qf4+ 50. Kg1 Qc1+ 51.
Kf2 Qxh6 52. Qb7+ Ka2 53. Qd5+ Kb2 54. Qb5+ Ka1 55. Qe5+ Ka2 56. Qd5+ Kb2 57. Qd4+ Kb3 58. Qd3+ Kb4 59. Qd4+ Kb5 60. Qd5+ Ka4 61. Qc4+ Ka5 62.
Qc5+ Ka4 63. Qc4+ Ka5 64. Qc5+ Ka4 65. Qc4+ 1/2-1/2

[Event "Early-Titled-Tuesday-Blitz-October-03-2023"]
[Site "Chess.com"]
[Date "2023.10.03"]
[Round "5"]
[White "shimastream"]
[Black "the_chess_child"]
[Result "1-0"]
[WhiteElo "2974"]
[BlackElo "2854"]
[TimeControl "180+1"]
[EndTime "8:57:07 PDT"]
[Termination "shimastream won by resignation"]

1. d4 Nf6 2. Bg5 g6 3. Bxf6 exf6 4. c4 Bg7 5. Nc3 O-O 6. e3 f5 7. g3 d6 8. Bg2 c6 9. Nge2 Nd7 10.
O-O Nf6 11. b4 h5 12. h4 Ng4 13. b5 c5 14. dxc5 dxc5 15. Qxd8 Rxd8 16. Rad1 Re8 17. Nd5 Be6 18. Nef4 Rac8 19. Nxe6 Rxe6 20. a4 Ne5 21.
Rc1 Rd8 22. a5 Red6 23. Rfd1 Kf8 24. Kf1 Ng4 25. Ke2 Bb2 26. Rb1 Bg7 27. b6 axb6 28. axb6 Ne5 29. Rdc1 Bf6 30. Rb5 Nd7 31. Rc2 Ra8 32. Rd2 Bd8 33. Rdb2 Ra6 34. Bf3 Nxb6 35. Nxb6 Raxb6 36. Bxb7 Rxb5 37. cxb5 Bb6 38. Rc2 Ke7 39.
Ke1 Rd8 40. Bf3 Rc8 41. Be2 Kd6 42. Bc4 Rc7 43. Rd2+ Ke7 44. Ke2 Ra7 45. Rc2 Ra4 46. Kd3 Ra3+ 47. Ke2 Ra1 48. Kf3 Rb1 49. Kf4 Rb4 50. Ke5 Rb1 51. Kd5 Kd7 52. Rd2 Rb4 53. Rd3 Rb2 54. f4 Rg2 55. e4 fxe4 56. Kxe4+ Ke7 57.
Kd5 Re2 58. Kc6 Ba5 59. b6 Rb2 60. Rb3 Rxb3 61. Bxb3 Kd8 62. b7 Bc7 63. Bxf7 g5 64. hxg5 h4 65. gxh4 Bxf4 66. g6 1-0

[Event "Early-Titled-Tuesday-Blitz-October-03-2023"]
[Site "Chess.com"]
[Date "2023.10.03"]
[Round "5"]
[White "fabianvivasz"]
[Black "Kostya0705"]
[Result "1-0"]
[WhiteElo "2455"]
[BlackElo "2614"]
[TimeControl "180+1"]
[EndTime "8:57:08 PDT"]
[Termination "fabianvivasz won by resignation"]

1. e4 c5 2. Nf3 e6 3. d4 cxd4 4. Nxd4 Nc6 5. Nc3 Qc7 6. Be3 a6 7. Qf3 Nf6 8. O-O-O Ne5 9. Qg3 b5 10. Bxb5 Rb8 11. Bf4 Nh5 12. Bxe5 Qc5 13. Qh4 Qxe5 14. Nc6 Qf4+ 15. Qxf4 Nxf4 16. Nxb8 axb5 17. Nxb5 Bc5 18.
g3 Ng6 19. Na6 Bxf2 20. Nd6+ Ke7 21. Nxc8+ Rxc8 22. c3 Ne5 23. Nb4 Bc5 24. Nd3 Be3+ 25.
Kc2 Ng4 26. Rde1 Bb6 27. b3 Bd4 28. c4 Kd6 29. h3 Nh6 30. g4 f6 31. a4 Nf7 32. Kd2 Rb8 33. Rb1 Ng5 34. c5+ Kc6 35. b4 Nxe4+ 36. Kc2 Nc3 37. b5+ Kd5 38. Rb4 Ne4 39. Rd1 e5 40. a5 Nxc5 41. a6 Rc8 42. Nxc5 Kxc5 43. Kb3 Kb6 44. Rc4 Rb8 45. Kb4 d5 46. Rcxd4 exd4 47. Rxd4 Rd8 48. Rd2 d4 49. Kc4 Rc8+ 50. Kxd4 Kxb5 51. a7 Ra8 52. Ra2 Kc6 53. Ke4 Kd6 54. Kf5 Kd5 55. Ra5+ Kd6 56. Ra6+ Kd5 57. h4 Kd4 58. h5 Ke3 59. h6 gxh6 60.
Ra3+ Kf2 61. Kxf6 Kg2 62. Kg7 h5 63. gxh5 Kf2 64. h6 Ke2 65. Kxh7 Kd2 66. Kg7 1-0

[Event "Early-Titled-Tuesday-Blitz-October-03-2023"]
[Site "Chess.com"]
[Date "2023.10.03"]
[Round "5"]
[White "bylavochka"]
[Black "JosefineHeinemann"]
[Result "0-1"]
[WhiteElo "2312"]
[BlackElo "2517"]
[TimeControl "180+1"]
[EndTime "8:57:08 PDT"]
[Termination "JosefineHeinemann won by resignation"]

1. e4 c5 2. Nf3 d6 3. d4 cxd4 4. Nxd4 Nf6 5. Nc3 a6 6. f3 e5 7.
Nb3 Be6 8. Be3 h5 9. Qd2 Nbd7 10. O-O-O Rc8 11. Kb1 Qc7 12. Nd5 Bxd5 13. exd5 g6 14. c4 Bg7 15. Bd3 O-O 16. Bh6 b6 17. Bxg7 Kxg7 18.
Rc1 a5 19. Qe2 a4 20. Nd2 Nc5 21. Ne4 Nfxe4 22. Bxe4 Nxe4 23. fxe4 f5 24. exf5 Rxf5 25. g4 hxg4 26. Rhg1 Qf7 27. Qxg4 Rf8 28. h4 Rf4 29.
Qg3 Qf5+ 30. Ka1 Rf3 31. Qg2 Rf2 32. Qg3 Rf3 33. Qg2 a3 34. bxa3 Ra8 35. h5 Qxh5 36.
Qb2 Rfxa3 37. Rg2 Rxa2+ 38. Qxa2 Rxa2+ 39. Rxa2 Qg4 40. Ra7+ Kh6 41. Rb7 Qd4+ 42. Kb1 g5 43. Rh1+ Kg6 44. Rhh7 Kf5 45. Rbf7+ Ke4 46. Rhg7 Qxc4 47.
Rxg5 Qxd5 48. Rg4+ Ke3 49. Rg3+ Ke2 50. Rfg7 b5 51.
Rg2+ Kf1 52. Rg1+ Kf2 53. Rc1 Qd3+ 54. Rc2+ Kf3 55. Rg8 b4 56. Rf8+ Ke4 57. Kc1 b3 58. Rd2 Qc3+ 59. Kd1 b2 60. Rff2 b1=Q+ 61. Ke2 Qbd3+ 62.
Rxd3 Qxd3+ 63. Ke1 Qe3+ 64. Re2 d5 65. Kf1 Qxe2+ 66. Kxe2 d4 67. Kf2 Kd3 68. Kf3 Kc2 0-1

[Event "Early-Titled-Tuesday-Blitz-October-03-2023"]
[Site "Chess.com"]
[Date "2023.10.03"]
[Round "5"]
[White "Rozhkov_V"]
[Black "LoaySameer"]
[Result "1-0"]
[WhiteElo "2443"]
[BlackElo "2592"]
[TimeControl "180+1"]
[EndTime "8:57:10 PDT"]
[Termination "Rozhkov_V won by resignation"]

1. e4 g6 2. d4 Bg7 3. Nf3 d6 4. Nc3 Nf6 5. Be3 d5 6. e5 Ne4 7.
Nxe4 dxe4 8. Nd2 c5 9. Nxe4 cxd4 10. Qxd4 O-O 11. Qxd8 Rxd8 12. f4 Bf5 13. Bd3 Nc6 14. a3 f6 15. exf6 exf6 16. Nc5 Bc8 17. O-O-O b6 18.
Bc4+ Kf8 19. Rxd8+ Nxd8 20. Ne4 Bb7 21. Nc3 Bxg2 22.
Rd1 Bc6 23. a4 Rc8 24. Bb3 Nb7 25. Nb5 Bxb5 26. axb5 Na5 27. Ba2 Ke7 28. c3 Nc4 29. Bd4 Bh6 30. Rf1 f5 31. Kc2 Nd6 32. Re1+ Kf8 33.
Be5 Ne4 34. Bd5 Rd8 35. Bxe4 fxe4 36. Rxe4 Kf7 37. Ra4 Rd7 38. Rc4 Ke6 39. Rc6+ Kf5 40. Rf6+ Ke4 41. c4 Bg7 42. Re6 Kf5 43. Re8 Bh6 44.
Rf8+ Kg4 45. Re8 Kh3 46. b4 Bg7 47. Bxg7 Rxg7 48. c5 Rc7 49. c6 Kxh2 50. Rd8 h5 51.
Rd7 Rc8 52. Kd3 Kg3 53. Ke4 h4 54. Rg7 Re8+ 55. Kd5 h3 56. Rxg6+ Kxf4 57. Rh6 Kg3 58. Kd6 Re1 59. c7 Rc1 60. Kd7 Rd1+ 61. Kc8 Rc1 62. Kb7 h2 63. c8=Q Rxc8 64. Kxc8 Kg2 65. Kb7 h1=Q 66. Rxh1 Kxh1 67. Kxa7 Kg2 68. Kxb6 Kf3 69. Kc7 Kf4 70. b6 1-0

[Event "Early-Titled-Tuesday-Blitz-October-03-2023"]
[Site "Chess.com"]
[Date "2023.10.03"]
[Round "5"]
[White "RobertoJBM"]
[Black "tetrix83"]
[Result "1-0"]
[WhiteElo "2810"]
[BlackElo "2609"]
[TimeControl "180+1"]
[EndTime "8:57:11 PDT"]
[Termination "RobertoJBM won on time"]

1. e4 c5 2. Nf3 d6 3. d4 cxd4 4. Nxd4 Nf6 5. Nc3 a6 6. f3 e6 7. Be3 b5 8. Qd2 Nbd7 9. g4 Nb6 10. g5 Nfd7 11. Rg1 Qc7 12. Qf2 Bb7 13. O-O-O b4 14.
Nce2 Nc4 15. Kb1 Nxe3 16. Qxe3 Be7 17. h4 Nb6 18. Nc1 d5 19. e5 Nc4 20. Bxc4 dxc4 21. f4 g6 22. Rge1 O-O-O 23. c3 Rd5 24. Nce2 Rhd8 25.
Rc1 Kb8 26. cxb4 Bxb4 27. Red1 R5d7 28. Rc2 Qc5 29. a3 Ba5 30. b4 Bxb4 31. axb4 Qxb4+ 32. Rb2 Qc5 33. Rc1 Ka8 34. Nc2 Qd5 35. Nc3 Qd3 36. Qxd3 cxd3 37. Ne3 d2 38. Rf1 Rd3 39. Ned1 Rc8 40.
Kc2 Rd4 41. Rf2 Be4+ 42. Kb3 Rb8+ 43. Ka3 Bf5 44. Rbxd2 Rc4 45. Rb2 Rbc8 46. Rb3 Bg4 47. Kb2 Bf5 48. Ne3 Rd4 49. Nxf5 exf5 50. Na2 Rcc4 51.
Rbf3 a5 52. Kb3 Ka7 53. Nc3 a4+ 54. Kb2 Rb4+ 55. Ka2 Kb6 56. Nb1 Kc5 57. Na3 Kd5 58. Nc2 Rbc4 59. Nxd4 Rxd4 60. Ka3 Ke4 61. Rc3 Kd5 62.
Rc7 Ke6 63. Rc6+ Kd5 64. Rd6+ Ke4 65. Rxd4+ Kxd4 66. Rf1 Ke4 67. Kxa4 1-0

[Event "Early-Titled-Tuesday-Blitz-October-03-2023"]
[Site "Chess.com"]
[Date "2023.10.03"]
[Round "5"]
[White "JoliyRoger"]
[Black "IsuruAlahakoon"]
[Result "1-0"]
[WhiteElo "2489"]
[BlackElo "2300"]
[TimeControl "180+1"]
[EndTime "8:57:12 PDT"]
[Termination "JoliyRoger won on time"]

1. d4 d5 2. c4 e6 3. Nc3 Nf6 4. Bg5 Be7 5. e3 O-O 6. Nf3 h6 7. Bh4 Nc6 8. Rc1 b6 9. Bxf6 Bxf6 10. cxd5 exd5 11. Qb3 Na5 12. Qxd5 Be6 13. Qxd8 Rfxd8 14. b3 c5 15. Ne4 Be7 16. dxc5 bxc5 17. Be2 c4 18. Bxc4 Bb4+ 19. Ke2 Nxc4 20. bxc4 Rac8 21.
Nd4 Bxc4+ 22. Kf3 Bd5 23. a4 Rxc1 24. Rxc1 Re8 25. Kg3 Bxe4 26. f3 Bd6+ 27. Kf2 Bb7 28. Nf5 Be5 29. f4 Bb8 30. g4 Be4 31. Nd4 Bd6 32. Nb5 Bb8 33. h4 Rd8 34. h5 Kh7 35.
Rc5 a6 36. Nc3 Bb7 37. Ke2 Rc8 38. Ne4 Rxc5 39. Nxc5 Bc8 40. Kf3 Kg8 41. e4 Kf8 42.
e5 Ke7 43. Ke4 Ba7 44. Nb3 Bb7+ 45. Kd3 Kd7 46. Nd2 Kc7 47. Ne4 Bxe4+ 48. Kxe4 Kb6 49. g5 Ka5 50. f5 hxg5 51. f6 gxf6 52. h6 Bb8 53. h7 Bxe5 54. h8=Q f5+ 55. Kxe5 1-0

[Event "Early-Titled-Tuesday-Blitz-October-03-2023"]
[Site "Chess.com"]
[Date "2023.10.03"]
[Round "5"]
[White "vladoboch"]
[Black "NMJeevanK"]
[Result "1/2-1/2"]
[WhiteElo "2415"]
[BlackElo "2520"]
[TimeControl "180+1"]
[EndTime "8:57:14 PDT"]
[Termination "Game drawn by agreement"]

1. e4 e5 2. Nf3 Nc6 3. Bc4 Nf6 4. d3 Bc5 5. c3 d6 6. Nbd2 O-O 7. Nf1 a6 8. Bb3 d5 9. Qe2 dxe4 10.
dxe4 h6 11. Ng3 Qe7 12. O-O Na5 13. Bc2 Ba7 14. Nh4 Bg4 15. Nf3 Rad8 16. h3 Be6 17.
Nh4 Bc4 18. Nhf5 Qe6 19. Qf3 Bxf1 20. Nxf1 Nh7 21. Bxh6 gxh6 22. Qg3+ Ng5 23. h4 Kh7 24. hxg5 Rg8 25. Nxh6 Qxh6 26. gxh6 Rxg3 27. Nxg3 Rd2 28. b4 Nc4 29. Bb3 Bxf2+ 30. Kh2 Ne3 31. Bxf7 Kxh6 32. Nf5+ Kg5 33. Nxe3 Bxe3 34. Rf1 Bf4+ 35.
Kh3 Rd3+ 36. Rf3 Rxf3+ 37. gxf3 Bd2 38. a4 Kf4 39. Kg2 Bxc3 40. b5 a5 41. Kf2 Bd2 42. Ke2 Bc1 43. Bh5 b6 44. Kd3 Ba3 45. Kc4 Bd6 46. Kd5 Ke3 47. Kc4 Kd2 48. Kb3 Kd3 49.
Bg4 Kd4 50. Bh5 Kc5 51. Bg4 c6 52. bxc6 Kxc6 53. Kc4 Bc5 54. Be6 Kd6 55. Bg4 Be3 56. Bh3 Bf4 57. Bg4 Bg3 58. Bh3 Bf2 59. Bg4 Bd4 60. Bh3 Ke7 61. Bg4 Kf6 62. Bh3 Kg5 63.
Bg4 Kf4 64. Kb5 Ke3 65. Kc4 Kd2 66. Kb3 Kd3 67. Bh3 Ke2 68. Bg4 Ke3 69. Bh5 Kf4 70.
Bg4 Kg5 71. Kc4 Kf6 72. Kb5 Ke7 73. Bf5 Kd6 74. Kc4 Ke7 75. f4 Kf6 76. fxe5+ Kxe5 77. Bd7 Bc5 78. Bc6 Kd6 79. Bd5 Ke5 80. Kb5 Kd4 81. Ba8 Ke5 82. Bd5 Kd4 1/2-1/2

[Event "Early-Titled-Tuesday-Blitz-October-03-2023"]
[Site "Chess.com"]
[Date "2023.10.03"]
[Round "5"]
[White "Quattroporte300"]
[Black "LUISMIGUELOV"]
[Result "1/2-1/2"]
[WhiteElo "2379"]
[BlackElo "2161"]
[TimeControl "180+1"]
[EndTime "8:57:14 PDT"]
[Termination "Game drawn - insufficient material"]

1. e4 c6 2. d4 d5 3. exd5 cxd5 4. Bd3 Nc6 5. c3 Qc7 6. Ne2 Bg4 7. O-O e6 8. Qe1 Bxe2 9. Qxe2 Bd6 10. h3 Nf6 11. Nd2 a6 12. Nf3 Bf4 13. Bxf4 Qxf4 14. Qe3 Qxe3 15. fxe3 b5 16. Nd2 Ke7 17. e4 dxe4 18.
Nxe4 Nxe4 19. Bxe4 Rac8 20. d5 exd5 21. Bxd5 f6 22. Rfe1+ Ne5 23. a4 Rc5 24. Bf3 Rd8 25.
axb5 axb5 26. Re2 Kf8 27. Be4 Rb8 28. Ra5 h6 29. Bc2 Rc7 30. Re4 Nc4 31. Ra2 Rd7 32. b3 Ne5 33. Re2 Rc7 34. c4 bxc4 35. bxc4 Rxc4 36.
Bf5 Rc1+ 37. Kh2 Rc7 38. Ra6 Rcb7 39. Rd2 Rb2 40. Rad6 Rxd2 41. Rxd2 g6 42. Be4 f5 43. Bd5 Rd8 44. Rd1 Kg7 45. Kg3 Kf6 46. Kf2 g5 47. g3 h5 48. Bb3 Rxd1 49. Bxd1 Nd3+ 50. Ke3 Nb2 51. Bxh5 Nc4+ 52. Kd4 Ne5 53. Be2 g4 54. h4 Ng6 55. Kd5 f4 56. gxf4 Nxf4+ 57. Ke4 Nxe2 58.
Ke3 Nc3 59. Kf4 Nd5+ 60. Kxg4 Ne7 61. h5 Ng8 62. Kf4 Kg7 63. Kg5 Kh7 64. Kf5 Kh6 65.
Kg4 Kh7 66. Kf5 Kh6 67. Kg4 Nf6+ 68. Kf4 Nxh5+ 1/2-1/2

[Event "Early-Titled-Tuesday-Blitz-October-03-2023"]
[Site "Chess.com"]
[Date "2023.10.03"]
[Round "5"]
[White "Rap_woyska"]
[Black "karinachess1"]
[Result "1-0"]
[WhiteElo "2503"]
[BlackElo "2629"]
[TimeControl "180+1"]
[EndTime "8:57:15 PDT"]
[Termination "Rap_woyska won by checkmate"]

1. c4 e5 2. Nc3 d6 3. Nf3 f5 4. d4 e4 5. Ng5 Be7 6. Nh3 Nf6 7. Bg5 O-O 8. e3 c6 9. Nf4 Na6 10. Be2 Nc7 11. b4 Ne6 12. Nxe6 Bxe6 13. Qb3 Qd7 14. Bf4 a6 15. O-O h6 16. f3 d5 17. fxe4 fxe4 18. a4 a5 19. c5 axb4 20. Qxb4 Rf7 21. a5 Bg4 22. Rfb1 Bxe2 23. Nxe2 Qg4 24.
Ng3 Bf8 25. a6 bxa6 26. Qb6 Rc8 27. Rxa6 h5 28. h3 Qg6 29. Ra7 h4 30. Rxf7 Qxf7 31.
Nf5 Qg6 32. Nd6 Nd7 33. Qb7 Rb8 34. Qxb8 Nxb8 35. Rxb8 Qf6 36. Rc8 Kh7 37. Be5 Qe7 38. Rxc6 Qa7 39. Nf5 Qa1+ 40. Kh2 Qf1 41. Bf4 g5 42.
Rc7+ Kg6 43. Nxh4+ gxh4 44. c6 Qc1 45. Rc8 Bb4 46. c7 Kh7 47. Rd8 Be1 48. c8=Q Bg3+ 49.
Bxg3 hxg3+ 50. Kxg3 Qxe3+ 51. Kg4 Qe2+ 52. Kf5 Qf2+ 53. Ke5 Qg3+ 54. Kxd5 Qxg2 55. Rh8+ Kg6 56. Qg8+ Kf5 57. Qxg2 Kf4 58. Rf8+ Ke3 59. Qxe4+ Kd2 60. Rf2+ Kc1 61. Qc2# 1-0

[Event "Early-Titled-Tuesday-Blitz-October-03-2023"]
[Site "Chess.com"]
[Date "2023.10.03"]
[Round "5"]
[White "IwkooO"]
[Black "Duhless"]
[Result "0-1"]
[WhiteElo "2655"]
[BlackElo "2969"]
[TimeControl "180+1"]
[EndTime "8:57:16 PDT"]
[Termination "Duhless won by resignation"]

1. e4 c5 2. Nf3 Nc6 3. Bb5 e5 4. Nc3 d6 5. d3 Be7 6. Nd2 Nf6 7. Nf1 O-O 8. Ne3 Nd4 9. Bc4 Be6 10. O-O Nd7 11. a4 Bg5 12. Ned5 Bxc1 13. Rxc1 Kh8 14. Ne3 Qg5 15. Ncd5 Rad8 16. c3 Nc6 17. Nc7 Qg6 18. Qe2 a6 19. Ncd5 Qg5 20. Kh1 Rb8 21.
Nc7 Qe7 22. Ncd5 Qd8 23. f4 b5 24. axb5 axb5 25. Ba2 exf4 26. Rxf4 Ra8 27. Bb1 b4 28. Rcf1 bxc3 29. bxc3 Ra1 30. Ba2 Rxf1+ 31. Rxf1 Nde5 32. Nc4 Nxc4 33. Bxc4 Ne5 34. Ba2 Qa5 35. d4 Nc6 36. dxc5 Qxc5 37. Qd2 Ra8 38. h3 h6 39. Rf2 Ne5 40. Kh2 Rc8 41. Rf4 Rb8 42. Rh4 Kg8 43. Nf6+ Kf8 44. Bxe6 fxe6 45. Ng4 Nxg4+ 46. Rxg4 Qe5+ 47.
Qf4+ Qxf4+ 48. Rxf4+ Ke7 49. Rg4 g5 50. h4 Kf6 51.
hxg5+ hxg5 52. e5+ Kf5 53. Kg3 Rc8 54. c4 Rb8 55.
Kh3 Rh8+ 56. Kg3 Rb8 57. Kh3 Rb3+ 58. g3 dxe5 59. c5 Rc3 60. Ra4 e4 61. Ra5 e5 62.
Ra8 e3 63. Ra4 e2 64. Ra1 Ke4 65. Kg2 Ke3 66. c6 Rxc6 67. Ra3+ Kd2 68. Ra2+ Rc2 69. Rxc2+ Kxc2 0-1

[Event "Early-Titled-Tuesday-Blitz-October-03-2023"]
[Site "Chess.com"]
[Date "2023.10.03"]
[Round "5"]
[White "Khromkin"]
[Black "Orujov2008"]
[Result "0-1"]
[WhiteElo "2456"]
[BlackElo "2650"]
[TimeControl "180+1"]
[EndTime "8:57:18 PDT"]
[Termination "Orujov2008 won on time"]

1. d4 Nf6 2. c4 e6 3. Nf3 d5 4. Nc3 Be7 5. Bg5 h6 6. Bh4 O-O 7. e3 Ne4 8. Bxe7 Qxe7 9. Qc2 c6 10. Rd1 f5 11. Bd3 Nd7 12. O-O Ng5 13. Nd2 Ne4 14. f3 Nxd2 15. Rxd2 Nf6 16. e4 dxe4 17. fxe4 e5 18.
dxe5 Qxe5 19. h3 f4 20. Ne2 g5 21. Qc3 Nd7 22. b4 a5 23. bxa5 Qxc3 24. Nxc3 Rxa5 25.
Bb1 Ne5 26. Rd6 Nxc4 27. Rxh6 Kg7 28. Rh5 Kg6 29. g4 Ne5 30. Ne2 Be6 31. h4 Nxg4 32. Rxg5+ Rxg5 33. hxg5 Kxg5 34. Nd4 Bc4 35. Nf3+ Kh5 36.
Rc1 Be2 37. Nd4 f3 38. Nxe2 f2+ 39. Kg2 Ne3+ 40. Kg3 f1=Q 41. Rxf1 Rxf1 42. Nf4+ Kh6 43. Bd3 Rd1 44. e5 Kg5 45. Kf3 Nd5 46. Ne6+ Kh6 47. Be4 Rf1+ 48. Ke2 Ra1 49. Bxd5 cxd5 50. Kd3 Rxa2 51.
Nc7 Ra5 52. Kd4 Kg5 53. Nxd5 Kf5 54. Ne3+ Ke6 55. Nc4 Ra4 56. Kc5 Ra1 57. Nd6 Rc1+ 58. Kd4 b6 59. Nc4 Rd1+ 60. Kc3 Rc1+ 61. Kb4 Kd5 62.
Nxb6+ Kxe5 63. Nc4+ Kd4 64. Nb2 Rb1 65. Kb3 Rh1 66. Kb4 Rh2 67. Kb3 Rh3+ 68. Kb4 Kd5 0-1

[Event "Early-Titled-Tuesday-Blitz-October-03-2023"]
[Site "Chess.com"]
[Date "2023.10.03"]
[Round "5"]
[White "DoctorCheckyll"]
[Black "RETURNOFTHELAGGER"]
[Result "0-1"]
[WhiteElo "2321"]
[BlackElo "2655"]
[TimeControl "180+1"]
[EndTime "8:57:22 PDT"]
[Termination "RETURNOFTHELAGGER won by checkmate"]

1. e4 c5 2. Nf3 d6 3. Bb5+ Nc6 4. a4 Bd7 5. O-O Nf6 6. Re1 e5 7. d3 h6 8. h3 g5 9. Nh2 Rg8 10. c3 g4 11. hxg4 Nxg4 12. Nxg4 Bxg4 13. f3 Bd7 14.
Be3 Qh4 15. Bxc6 Bxc6 16. Qe2 O-O-O 17. Nd2 Kb8 18. d4 Bd7 19. Qf2 Qh5 20. Kf1 Bh3 21.
gxh3 Qxh3+ 22. Ke2 Rg2 23. d5 Rxf2+ 24. Bxf2 Qd7 25. Nc4 f5 26. Ne3 fxe4 27. fxe4 Be7 28.
Rh1 Bg5 29. Raf1 Qxa4 30. Nf5 Qxe4+ 31. Be3 Qxd5 32. Bxg5 hxg5 33. Rh7 Qe4+ 34. Ne3 Qxh7 35. Rf5 Qg7 36. Ng4 Rf8 37. Rf2 Rxf2+ 38. Kxf2 Qd7 39.
Kg3 Qf5 40. Nh6 Qf4+ 41. Kg2 g4 42. Nxg4 Qxg4+ 43. Kf2 Qc4 44. Ke3 Qa2 45. Kd2 Qxb2+ 46. Kd3 e4+ 47. Kc4 Qxc3+ 48. Kxc3 d5 49. Kd2 Kc7 50.
Ke3 Kd6 51. Kf4 b5 52. Ke3 a5 53. Kd2 a4 54. Kc3 a3 55. Kb3 b4 56. Ka2 Ke5 57.
Kb3 Kf4 58. Kc2 Kf3 59. Kc1 Kf2 60. Kb1 e3 61. Ka2 e2 62. Kb3 e1=B 63. Ka2 Bc3 64. Kb1 Ke2 65. Ka2 Kd1 66. Kb1 d4 67. Ka2 d3 68.
Kb1 d2 69. Ka2 Ke2 70. Kb1 d1=B 71. Ka2 Kd3 72. Kb1 b3 73. Kc1 b2+ 74. Kb1 Bc2+ 75. Ka2 b1=Q+ 76. Kxa3 Qb4+ 77. Ka2 Bb1# 0-1

[Event "Early-Titled-Tuesday-Blitz-October-03-2023"]
[Site "Chess.com"]
[Date "2023.10.03"]
[Round "5"]
[White "carokannlover213"]
[Black "DanyKopy"]
[Result "0-1"]
[WhiteElo "2738"]
[BlackElo "2574"]
[TimeControl "180+1"]
[EndTime "8:57:23 PDT"]
[Termination "DanyKopy won on time"]

1. e4 c5 2. Nf3 Nc6 3. Bb5 g6 4.
O-O Bg7 5. Bxc6 dxc6 6. d3 Nf6 7. h3 Nd7 8. Re1 e5 9. Nbd2 Nf8 10. Nc4 Qc7 11.
a4 Ne6 12. a5 O-O 13. c3 Rb8 14. Qb3 Rd8 15. Qc2 b5 16. axb6 axb6 17. Rd1 b5 18. Ne3 Nf4 19. Nf1 Be6 20. Be3 c4 21. d4 Nd3 22. dxe5 Nxe5 23. Nxe5 Bxe5 24. Bg5 Rxd1 25. Rxd1 Kg7 26. Be3 b4 27. Qd2 bxc3 28. bxc3 c5 29. Bh6+ Kg8 30. f4 Bf6 31. Ne3 Rd8 32. Qe1 Rd3 33.
Rc1 Qa5 34. e5 Be7 35. f5 Rxe3 36. Qxe3 Bxf5 37. Bg5 Bf8 38. Bf6 Qc7 39. Rd1 Bd3 40. Rd2 Qc6 41. Rf2 Qd5 42. Qf4 Bf5 43. Rd2 Bd3 44.
Kh2 h5 45. Rf2 Kh7 46. Qg3 Kg8 47. Bg5 Bg7 48. Bf4 Kh7 49. Qg5 Bf8 50. Qf6 Bg7 51. Qe7 Qe6 52. Qxe6 fxe6 53. Bg3 Bf5 54. Bf4 Bf8 55.
Ra2 Bd3 56. Ra7+ Kg8 57. Ra8 Kf7 58. Rb8 Bg7 59. Bg3 g5 60. Rb7+ Kg6 61. Kg1 h4 62. Bh2 Bh6 63. Kf2 Kf5 64. Ke3 g4+ 65. Kf2 g3+ 66.
Bxg3 hxg3+ 67. Kxg3 Bd2 68. Kh4 Bxc3 69. g4+ Kxe5 70.
g5 Be1+ 71. Kh5 c3 0-1

[Event "Early-Titled-Tuesday-Blitz-October-03-2023"]
[Site "Chess.com"]
[Date "2023.10.03"]
[Round "5"]
[White "KononenkoD"]
[Black "JoseRemolar"]
[Result "0-1"]
[WhiteElo "2604"]
[BlackElo "2453"]
[TimeControl "180+1"]
[EndTime "8:57:28 PDT"]
[Termination "JoseRemolar won on time"]

1. e4 c5 2. Nf3 d6 3. d4 cxd4 4. Nxd4 Nf6 5. Nc3 a6 6. Bc4 e6 7. Bb3 Nbd7 8. O-O Nc5 9. f4 Be7 10. f5 e5 11. Nde2 Bd7 12. Kh1 Bc6 13. Bg5 Nfxe4 14. Nxe4 Nxe4 15. Bxe7 Qxe7 16. Qd3 Qh4 17. Ng3 Nxg3+ 18. Qxg3 Qxg3 19. hxg3 Ke7 20. Rad1 Rad8 21. Bd5 Rd7 22. Rf3 Rc8 23. c3 Bxd5 24. Rxd5 Rc5 25. Rd1 d5 26. g4 Kf6 27. Kh2 Kg5 28. Rh3 h6 29. Rf1 Rc4 30. f6 gxf6 31. Rf5+ Kg6 32.
Kg3 d4 33. Rfh5 dxc3 34. Rxh6+ Kg7 35. Rh7+ Kf8 36. bxc3 Rxc3+ 37. Kh4 Rc2 38. Rh8+ Ke7 39. Rb3 Rxg2 40. Kh3 Rxa2 41. Rb8 a5 42. Rc3 Rad2 43. Kh4 R7d3 44. Rxb7+ Ke6 45. Rb6+ Kd5 46. Rb5+ Kd4 47. Rxd3+ Kxd3 48. Rxa5 e4 49. Rd5+ Ke2 50. Rf5 Rd6 51. Kg3 e3 52. Kg2 Re6 53. Rd5 Re4 54. Kg3 Ke1 55. Kf3 Re6 56. Ra5 e2 57. Ra1+ Kd2 58.
Ra2+ Kd3 59. Ra3+ Kc4 60. Ra4+ Kb5 61. Ra1 e1=Q 62. Rxe1 Rxe1 63. Kf4 Rf1+ 64. Kg3 Kc5 65. Kh4 Kd5 66. Kh5 Rg1 67. Kh6 Rxg4 68. Kh7 f5 69.
Kh6 Ke4 70. Kh5 Kf3 71. Kh6 Kg3 72. Kh7 f4 73. Kh8 f3 74. Kh7 f2 75. Kh6 f1=Q 76.
Kh5 f5 77. Kh6 f4 0-1

[Event "Early-Titled-Tuesday-Blitz-October-03-2023"]
[Site "Chess.com"]
[Date "2023.10.03"]
[Round "5"]
[White "Predator0608"]
[Black "tylityli"]
[Result "0-1"]
[WhiteElo "2462"]
[BlackElo "2351"]
[TimeControl "180+1"]
[EndTime "8:57:31 PDT"]
[Termination "tylityli won by resignation"]

1. e4 e5 2. Nf3 Nc6 3. Bc4 Nf6 4. d3 Be7 5. c3 O-O 6. Bb3 d5 7. Qe2 Be6 8. Nbd2 dxe4 9. dxe4 Bxb3 10. axb3 a5 11. O-O h6 12. Rd1 Qc8 13. Nh4 g6 14. Nf1 Qg4 15. Qxg4 Nxg4 16. Nf3 Bc5 17. Ne3 Bxe3 18.
Bxe3 Nxe3 19. fxe3 Rad8 20. Rd5 f6 21. Kf2 Kf7 22.
Rad1 Ke6 23. Nh4 Rg8 24. Rxd8 Nxd8 25. Nxg6 Nc6 26. Nh4 Rg4 27. Nf3 Rxe4 28. h3 f5 29.
Re1 f4 30. g4 fxe3+ 31. Rxe3 Rf4 32. Kg3 Rf7 33. Nd4+ Kd5 34. Nf5 h5 35. Rd3+ Ke6 36. Re3 Kd5 37. Re1 e4 38. Rd1+ Ke5 39. Re1 Rd7 40.
Kh4 hxg4 41. hxg4 Kf4 42. Rf1+ Ke5 43. Kg5 Rd2 44. Kg6 Rxb2 45. g5 Rg2 46. Re1 b5 47.
Nh4 Rg4 48. Kh5 Rg3 49. g6 Ne7 50. Kh6 Nxg6 51. Nxg6+ Kf6 52. Ne7 Kxe7 53. Rxe4+ Kd6 54. c4 bxc4 55. bxc4 a4 56. c5+ Kxc5 57. Rxa4 c6 58. Kh5 Kb5 59. Re4 c5 60. Kh4 Rg8 61. Kh3 c4 62. Kh2 Kb4 63. Re3 c3 64. Kh3 Kb3 65. Kh4 Kb2 66. Re7 c2 67. Rb7+ Kc1 68. Rf7 Rd8 69. Rc7 Kd2 0-1